 Dungeon Crawl Stone Soup version 0.32-a0-128-g77eb882913 (webtiles) character file.

Game seed: 4003431816335826622

1260 Ceno the Covert (level 8, 0/42 HPs)
             Began as a Vine Stalker Brigand on Feb 8, 2024.
             Slain by a wight
             ... wielding a +0 great sword
              (2 damage)
             ... on level 6 of the Dungeon.
             The game lasted 00:11:47 (3984 turns).

Ceno the Covert (Vine Stalker Brigand)              Turns: 3984, Time: 00:11:48

Health: 0/42       AC:  3    Str: 15    XL:     8   Next: 52%
Magic:  0/9        EV: 10    Int: 11    God:
Gold:   327        SH:  0    Dex: 17    Spells: 7/7 levels left

rFire   . . .        a - +2 dagger
rCold   . . .        (no shield)
rNeg    . . .        g - +0 ring mail
rPois   .            t - +0 helmet
rElec   .            c - +0 cloak
rCorr   .            (no gloves)
SInv    .            (no boots)
Will    ++...        y - amulet of faith
Stlth   +++          b - ring of willpower
HPRegen 1.07/turn    (no ring)
MPRegen 0.11/turn

%: guardian spirit, faith
@: lethally poisoned (0 -> -1), corroded
A: fangs 3, regeneration 1, magic shield, antimagic bite, no potion heal 2
a: no special abilities


You were on level 6 of the Dungeon.
You visited 1 branch of the dungeon, and saw 6 of its levels.

You collected 327 gold pieces.

Inventory:

Hand Weapons
 a - a +2 dagger (weapon)
Missiles
 d - 10 poisoned darts
 e - 3 curare-tipped darts
 k - 31 stones
 x - 6 atropa-tipped darts
 z - a throwing net (quivered)
Armour
 c - a +0 cloak (worn)
 g - a +0 ring mail (worn)
 t - a +0 helmet (worn)
Jewellery
 b - a ring of willpower (left hand)
 y - an amulet of faith (around neck)
Wands
 A - a wand of paralysis (4)
Scrolls
 i - a scroll of blinking {unknown}
 l - 3 scrolls of teleportation
 o - a scroll of fear {unknown}
 q - a scroll of identify {unknown}
 r - 2 scrolls of revelation {unknown}
 w - a scroll of amnesia
Potions
 f - a potion of curing {unknown}
 h - 3 potions of brilliance {unknown}
 j - a potion of attraction {unknown}
 m - a potion of lignification {unknown}
 n - 2 potions of heal wounds {unknown}
 p - a potion of cancellation {unknown}
 s - a potion of resistance {unknown}
 u - a potion of magic {unknown}
 v - a potion of might {unknown}


   Skills:
 + Level 4.8 Fighting
 + Level 4.8 Short Blades
 + Level 4.8 Throwing
 - Level 0.7 Dodging
 + Level 8.1 Stealth


You had 7 spell levels left.
You didn't know any spells.
Your spell library contained the following spells:

 Spells                   Type           Power      Damage    Failure   Level
 Kiss of Death            Conj/Necr      0%         2d5       56%         1
 Magic Dart               Conj           0%         1d3       56%         1
 Slow                     Hex            0%         N/A       56%         1
 Ensorcelled Hibernation  Hex/Ice        0%         N/A       71%         2
 Searing Ray              Conj           0%         2d4       71%         2
 Confusing Touch          Hex            0%         N/A       91%         3
 Fugue of the Fallen      Necr           0%         N/A       91%         3
 Ozocubu's Armour         Ice            0%         N/A       91%         3
 Passwall                 Erth           0%         N/A       91%         3
 Sigil of Binding         Hex            0%         N/A       91%         3
 Swiftness                Air            0%         N/A       91%         3
 Vampiric Draining        Necr           0%         2d6       91%         3
 Dispel Undead            Necr           0%         3d6       100%        4
 Fulminant Prism          Conj/Alch      0%         3d5       100%        4
 Manifold Assault         Tloc           0%         N/A       100%        4


Dungeon Overview and Level Annotations

Branches:
Dungeon (6/15)
 Temple: D:4-7

Altars:
Fedhas

Shops:
D:1 :   D:4 (

Annotations:
D:2 Natasha
D:5 exclusions: 3 doors and water moccasin, Dowan


Innate Abilities, Weirdness & Mutations

You have razor-sharp teeth.
Your natural rate of healing is unusually fast.
When hurt, damage is shared between your health and your magic reserves.
Your bite disrupts and absorbs the magic of your enemies.
Potions cannot restore your health.


Message History

The jelly is lightly wounded.
You hear a shout!
The adder hisses angrily.
The adder barely misses you. The jelly hits you but does no damage.
You hear an angry hiss.
An iguana comes into view.
The phantom hits you. The jelly attacks as it pursues you!
The jelly barely misses you.
You see here the +1 helmet of Riubeit {^Contam Dex+5 Slay+3}.
The adder attacks as it pursues you! The adder bites you but does no damage.
The iguana barely misses you. The orc warrior barely misses you.
The jelly attacks as it pursues you! The jelly hits you but does no damage.
The adder closely misses you.
You hit the jelly.
Your hands burn!
The jelly is moderately wounded.
The phantom hits you but does no damage.
The iguana closely misses you.
The orc warrior hits you with a +0 hand axe!
The jelly hits you but does no damage. The adder bites you but does no damage.
You hit the jelly but do no damage.
Your hands burn!
You bite the jelly! You drain its power.
You feel invigorated.
The jelly is almost dead.
The phantom hits you but does no damage.
The iguana bites you but does no damage.
The orc warrior hits you with a +0 hand axe.
The adder barely misses you. The jelly hits you.
You are splashed with acid!
You hit the jelly. The acid corrodes you!
Your hands burn!
You bite the jelly.
You kill the jelly!
The phantom closely misses you. The adder bites you.
You are poisoned.
The adder poisons you! The orc warrior completely misses you.
The iguana barely misses you.
You feel sick. The wight barely misses you. The adder bites you.
* * * LOW HITPOINT WARNING * * *
The phantom hits you but does no damage.
The iguana attacks as it pursues you! The iguana bites you!
* * * LOW HITPOINT WARNING * * *
You see here the +1 helmet of Riubeit {^Contam Dex+5 Slay+3}.
You feel sick. The adder attacks as it pursues you! The adder misses you.
The wight hits you with a +0 great sword.
You die...

F.####..........###..
..............#...#. .
.....#...............
.........#...###......
...........#.#.#.#.....
#...###......#.#.......
#.. #..#.........#. #.
.......##.##.... .
...###.#@Wl#.###
.#.#!...zS....(#
###.#.o.#.###
...##o##... .#....S.
.#. .. ....#.#. . . .
...#.#$#. .. ... . ###
. . .


You could see an orc warrior, a phantom, an iguana, a wight, 2 adders and an
orc.

Vanquished Creatures
  Grinder (D:5)
  A water moccasin (D:6)
  A black bear (D:5)
  A centaur (D:6)
  A phantom (D:4)
  2 scorpions
  3 wights
  A howler monkey (D:5)
  A bombardier beetle (D:6)
  2 hounds (D:5)
  2 jellies
  A sleepcap (D:6)
  An orc priest (D:6)
  An iguana (D:5)
  2 orc wizards (D:4)
  3 gnolls (D:5)
  7 adders
  A dart slug (D:5)
  A ribbon worm (D:2)
  9 orcs
  2 ball pythons
  7 endoplasms
  A giant cockroach (D:4)
  2 goblins
  5 hobgoblins
  2 quokkas
  6 bats
  3 frilled lizards
  2 kobolds
  A rat (D:2)
73 creatures vanquished.

Notes
Turn   | Place    | Note
-------+----------+-------------------------------------------
     0 | D:1      | Ceno the Vine Stalker Brigand began the quest for the Orb.
     0 | D:1      | Reached XP level 1. HP: 11/11 MP: 2/2
    17 | D:1      | Found Teoluschi's Book Boutique.
   264 | D:1      | Reached skill level 5 in Stealth
   264 | D:1      | Reached XP level 2. HP: 15/15 MP: 3/3
   778 | D:2      | Noticed Natasha
  1225 | D:2      | Reached XP level 3. HP: 18/18 MP: 4/4
  1884 | D:3      | Found a blossoming altar of Fedhas.
  2353 | D:4      | Noticed a scorpion
  2383 | D:4      | Killed a scorpion
  2384 | D:4      | Reached XP level 4. HP: 23/23 MP: 5/5
  2450 | D:4      | Reached XP level 5. HP: 27/27 MP: 6/6
  2493 | D:4      | Noticed a phantom
  2572 | D:4      | Noticed an ice beast
  2697 | D:4      | Killed a phantom
  2698 | D:4      | Reached skill level 6 in Stealth
  2698 | D:4      | Reached XP level 6. HP: 32/32 MP: 7/7
  2744 | D:4      | Found Ajaesus's Antique Weapon Boutique.
  2816 | D:5      | Entered Level 5 of the Dungeon
  3054 | D:4      | Noticed Grinder
  3078 | D:5      | Killed Grinder
  3079 | D:5      | Reached XP level 7. HP: 22/37 MP: 5/8
  3107 | D:5      | Reached skill level 7 in Stealth
  3166 | D:5      | Noticed Dowan
  3339 | D:5      | Noticed a steam dragon
  3593 | D:5      | Gained mutation: You have razor-sharp teeth. [Vine Stalker
                  | growth]
  3593 | D:5      | Reached XP level 8. HP: 29/42 MP: 9/9
  3730 | D:5      | HP: 1/40 [wight/+0 halberd (10)]
  3891 | D:6      | Reached skill level 8 in Stealth
  3978 | D:6      | Identified the +1 helmet of Riubeit {^Contam Dex+5 Slay+3}
  3983 | D:6      | HP: 2/42 [iguana (10)]
  3984 | D:6      | Slain by a wight

Illustrated notes

Levels and vault maps discovered:
D:1:      heliophobic_arrival_enchanted_forest, layout_loops_ring, serial_shops,
          nicolae_shop_peninsula
D:2:      layout_basic, kennysheep_cluttered_room, uniq_natasha
D:3:      layout_basic, fedhas_altar_3, serial_park_tiny_pond,
          hangedman_abyss_or_decor_stabs, st_stairs_6
D:4:      layout_basic, serial_shops, shop, feat_on_display, uniq_grinder
D:5:      cheibrodos_barr_body, layout_basic, mainiacjoe_overflow_big_doors,
          minmay_misc_feat_nine_boxes, kennysheep_path_1,
          nicolae_nh_ransacked_shop, uniq_duvessa
D:6:      layout_cave_pools, minmay_temple_entry_proselytizer,
          minmay_fractal_squares_5

Skill      XL: |  1  2  3  4  5  6  7  8 |
---------------+-------------------------+-----
Stealth        | 5 6 7 8 |  8.1
Fighting       | 2 3 4 |  4.8
Short Blades   | 2 3 4 |  4.8
Throwing       | 2 3 4 |  4.8
Dodging        | |  0.7

Action                     |  1- 3 |  4- 6 |  7- 9 || total
---------------------------+-------+-------+-------++-------
  Melee: Dagger            |    78 |   112 |   109 ||   299
         Bite              |    13 |    40 |    43 ||    96
         Punch             |     1 |     4 |    11 ||    16
  Throw: Dart              |     9 |     8 |     8 ||    25
         Throwing net      |       |       |     1 ||     1
    Use: Scroll            |     2 |       |       ||     2
   Stab: Sleeping          |    11 |     4 |     3 ||    18
 Armour: Ring mail         |    33 |    59 |    94 ||   186
  Dodge: Dodged            |    22 |    38 |    51 ||   111

Table legend: (Time is in decaauts)
 A = Elapsed time spent in this place.
 B = Non-inter-level travel time spent in this place.
 C = Inter-level travel time spent in this place.
 D = Time resting spent in this place.
 E = Time spent auto-exploring this place.
 F = Levels seen in this place.
 G = Mean time per level.
                   A        B        C        D        E       F      G
               +--------+--------+--------+--------+--------+-----+--------+
         Total |   3936 |   3694 |    242 |     99 |   2312 |   6 |  656.0 |
       Dungeon |   3936 |   3694 |    242 |     99 |   2312 |   6 |  656.0 |
               +--------+--------+--------+--------+--------+-----+--------+

Top non-repeatable levels by time:
     D:2: 1001 daAuts
     D:5: 891 daAuts
     D:1: 695 daAuts
     D:3: 597 daAuts
     D:4: 515 daAuts
     D:6: 235 daAuts
